FSL
FORT MYERS MIRACLE @ TAMPA YANKEES
06/03/2098
 
TOP OF THE 1ST
Fort Myers Miracle batting - Pitching for Tampa Yankees : LHP Eddie Cleaver
Pitching: LHP Eddie Cleaver
Batting: RHB Tim Jenson 0-0: Ground out 5-3 (Groundball, 5S, EV 85.0 MPH)
Batting: RHB Gene Homann 0-0: Called Strike
0-1: Foul Ball, location: 7LSF
0-2: Foul Ball, location: 7LMFF
0-2: Ball
1-2: Ball
2-2: SINGLE (Line Drive, 9S, EV 97.5 MPH)
Batting: SHB John Daniels 0-0: Called Strike
0-1: Swinging Strike
0-2: Fielders Choice at 2nd, 1-6 (Groundball, 34S, EV 66.9 MPH)
Batting: RHB Josh Biehl 0-0: Called Strike
0-1: Called Strike
0-2: Ball
1-2: Strikes out looking
Top of the 1st over - 0 runs, 1 hit, 0 errors, 1 left on base; Fort Myers 0 - Tampa 0
BOTTOM OF THE 1ST
Tampa Yankees batting - Pitching for Fort Myers Miracle : RHP Jesus Velez
Pitching: RHP Jesus Velez
Batting: RHB George McEneaney 0-0: Ball
1-0: Ball
2-0: Ball
3-0: SINGLE (Groundball, 4MD, EV 98.8 MPH)
Batting: RHB Todd Rosenberger 0-0: Hit by Pitch
George McEneaney to second
Batting: RHB Jeremy Boland 0-0: Ball
1-0: Ball
2-0: Ball
3-0: Called Strike
3-1: Swinging Strike
3-2: Fly out, F3 (Popup, 23F, EV 93.1 MPH)
Batting: RHB Zach Womack 0-0: Fly out, F8 (Flyball, 8LM, EV 89.4 MPH)
Batting: SHB Joel Centeno 0-0: Called Strike
0-1: Ball
1-1: Ball
2-1: Called Strike
2-2: Ball
3-2: Strikes out swinging
Bottom of the 1st over - 0 runs, 1 hit, 0 errors, 2 left on base; Fort Myers 0 - Tampa 0
TOP OF THE 2ND
Fort Myers Miracle batting - Pitching for Tampa Yankees : LHP Eddie Cleaver
Batting: RHB Aaron DiLeo 0-0: Ground out 6-3 (Groundball, 6M, EV 80.6 MPH)
Batting: SHB Jeremy DiCicco 0-0: Called Strike
0-1: DOUBLE (Line Drive, 89XD, EV 110.0 MPH)
Batting: RHB Brian Taylor 0-0: DOUBLE (Line Drive, 78M, EV 102.5 MPH)
Jeremy DiCicco scores
Batting: LHB Rich Kaiser 0-0: Called Strike
0-1: Ball
1-1: Ball
2-1: Ground out 1-3 (Groundball, 13S, EV 68.1 MPH)
Brian Taylor to third
Batting: RHB Matt Ortega 0-0: Called Strike
0-1: SINGLE (Groundball, 6MD, EV 104.4 MPH)
Brian Taylor scores
Batting: RHB Tim Jenson 0-0: Swinging Strike
0-1: Ball
1-1: Fly out, F8 (Flyball, 8LD, EV 85.6 MPH)
Top of the 2nd over - 2 runs, 3 hits, 0 errors, 1 left on base; Fort Myers 2 - Tampa 0
BOTTOM OF THE 2ND
Tampa Yankees batting - Pitching for Fort Myers Miracle : RHP Jesus Velez
Pitching: LHP Alex Ontiveros
Batting: RHB Dan Edwards 0-0: SINGLE (Groundball, 4MD, EV 109.4 MPH)
Batting: LHB Danny Grimes 0-0: Ball
1-0: Ball
2-0: Fly out, F4 (Popup, 4MS, EV 71.9 MPH)
Batting: RHB Jason Torres 0-0: Swinging Strike
0-1: Ball
1-1: SINGLE (Groundball, 3D, EV 100.6 MPH)
Dan Edwards to second
Runner from 2nd tries for 3rd, SAFE, throw by RF made to third
Batting: SHB Paul Kneeland 0-0: Foul Ball, location: 9LMF
0-1: Called Strike
0-2: Ball
1-2: Fly out, F8 (Flyball, 8RM, EV 89.4 MPH)
Runner from 3rd tags up, OUT at HOME! 8-2
Bottom of the 2nd over - 0 runs, 2 hits, 0 errors, 1 left on base; Fort Myers 2 - Tampa 0
TOP OF THE 3RD
Fort Myers Miracle batting - Pitching for Tampa Yankees : LHP Eddie Cleaver
Batting: RHB Gene Homann 0-0: Called Strike
0-1: Ground out 5-3 (Groundball, 25, EV 82.5 MPH)
Batting: SHB John Daniels 0-0: Fly out, F4 (Popup, 23, EV 82.5 MPH)
Batting: RHB Josh Biehl 0-0: Ball
1-0: Foul Ball, location: 2F
1-1: Ball
2-1: Ball
3-1: Swinging Strike
3-2: Foul Ball, location: 2RF
3-2: Strikes out swinging
Top of the 3rd over - 0 runs, 0 hits, 0 errors, 0 left on base; Fort Myers 2 - Tampa 0
BOTTOM OF THE 3RD
Tampa Yankees batting - Pitching for Fort Myers Miracle : LHP Alex Ontiveros
Batting: RHB George McEneaney 0-0: Ball
1-0: Ground out 5-3 (Groundball, 5L, EV 88.8 MPH)
Batting: RHB Todd Rosenberger 0-0: Ball
1-0: Ground out 5-3 (Groundball, 56, EV 103.1 MPH)
Batting: RHB Jeremy Boland 0-0: Ball
1-0: Foul Ball, location: 5F
1-1: Called Strike
1-2: Fly out, F9 (Flyball, 89M, EV 89.4 MPH)
Bottom of the 3rd over - 0 runs, 0 hits, 0 errors, 0 left on base; Fort Myers 2 - Tampa 0
TOP OF THE 4TH
Fort Myers Miracle batting - Pitching for Tampa Yankees : LHP Eddie Cleaver
Batting: RHB Aaron DiLeo 0-0: Fly out, F5 (Popup, 25F, EV 81.3 MPH)
Batting: SHB Jeremy DiCicco 0-0: Ball
1-0: Swinging Strike
1-1: Swinging Strike
1-2: Foul Ball, location: 23F
1-2: Foul Ball, location: 9LSF
1-2: Strikes out looking
Batting: RHB Brian Taylor 0-0: Fly out, F8 (Line Drive, 78M, EV 92.5 MPH)
Top of the 4th over - 0 runs, 0 hits, 0 errors, 0 left on base; Fort Myers 2 - Tampa 0
BOTTOM OF THE 4TH
Tampa Yankees batting - Pitching for Fort Myers Miracle : LHP Alex Ontiveros
Batting: RHB Zach Womack 0-0: Ball
1-0: Ball
2-0: Called Strike
2-1: DOUBLE (Line Drive, 8RXD, EV 99.4 MPH)
Batting: SHB Joel Centeno 0-0: Called Strike
0-1: Ball
1-1: Foul Ball, location: 2F
1-2: Ball
2-2: Strikes out swinging
Batting: RHB Dan Edwards 0-0: Fly out, F8 (Flyball, 8LS, EV 94.4 MPH)
Batting: RHB Mark Palermo 0-0: Ball
1-0: Called Strike
1-1: Ball
2-1: Swinging Strike
2-2: Ground out 2-3 (Groundball, 2R, EV 64.4 MPH)
Bottom of the 4th over - 0 runs, 1 hit, 0 errors, 1 left on base; Fort Myers 2 - Tampa 0
TOP OF THE 5TH
Fort Myers Miracle batting - Pitching for Tampa Yankees : LHP Eddie Cleaver
Batting: LHB Rich Kaiser 0-0: Ball
1-0: Ground out 4-3 (Groundball, 4, EV 88.8 MPH)
Batting: RHB Matt Ortega 0-0: Foul Ball, location: 5FF
0-1: Foul Ball, location: 23F
0-2: Ground out 6-3 (Groundball, 6, EV 93.8 MPH)
Batting: RHB Tim Jenson 0-0: Foul Ball, location: 5FF
0-1: Ball
1-1: Foul Ball, location: 2F
1-2: Fly out, F9 (Flyball, 9LMF, EV 88.8 MPH)
Top of the 5th over - 0 runs, 0 hits, 0 errors, 0 left on base; Fort Myers 2 - Tampa 0
BOTTOM OF THE 5TH
Tampa Yankees batting - Pitching for Fort Myers Miracle : LHP Alex Ontiveros
Batting: RHB Jason Torres 0-0: Called Strike
0-1: DOUBLE (Groundball, 5L, EV 110.0 MPH)
Batting: SHB Paul Kneeland 0-0: Ball
1-0: Ground out U3 (Groundball, 34S, EV 78.1 MPH)
Jason Torres to third
Batting: RHB George McEneaney 0-0: Called Strike
0-1: Fly out, F8 (Flyball, 8LXD, EV 94.4 MPH)
Runner from 3rd tags up, SCORES, no throw by CF
Batting: RHB Todd Rosenberger 0-0: Ball
1-0: Ball
2-0: Called Strike
2-1: Foul Ball, location: 2F
2-2: Foul Ball, location: 3F
2-2: Foul Ball, location: 9LDF
2-2: Foul Ball, location: 2F
2-2: Ball
3-2: Base on Balls
Batting: RHB Jeremy Boland 0-0: Ball
1-0: Swinging Strike
1-1: Ball
2-1: Ball
3-1: Base on Balls
Todd Rosenberger to second
Batting: RHB Zach Womack 0-0: Called Strike
0-1: Ball
1-1: Called Strike
1-2: Strikes out swinging
Bottom of the 5th over - 1 run, 1 hit, 0 errors, 2 left on base; Fort Myers 2 - Tampa 1
TOP OF THE 6TH
Fort Myers Miracle batting - Pitching for Tampa Yankees : LHP Eddie Cleaver
Batting: RHB Gene Homann 0-0: Called Strike
0-1: Called Strike
0-2: Fly out, F7 (Flyball, 7LM, EV 110.0 MPH)
Batting: SHB John Daniels 0-0: Ball
1-0: Ball
2-0: Ball
3-0: Called Strike
3-1: Foul Ball, location: 2F
3-2: Foul Ball, location: 25F
3-2: Fly out, F9 (Flyball, 9D, EV 93.1 MPH)
Batting: RHB Josh Biehl 0-0: Ball
1-0: Fly out, F7 (Flyball, 7S, EV 86.3 MPH)
Top of the 6th over - 0 runs, 0 hits, 0 errors, 0 left on base; Fort Myers 2 - Tampa 1
BOTTOM OF THE 6TH
Tampa Yankees batting - Pitching for Fort Myers Miracle : LHP Alex Ontiveros
Batting: SHB Joel Centeno 0-0: Foul Ball, location: 2F
0-1: DOUBLE (Flyball, 8RXD, EV 95.0 MPH)
Batting: RHB Dan Edwards 0-0: Foul Ball, location: 2F
0-1: Foul Ball, location: 7LSF
0-2: Ground out 6-3 (Groundball, 56, EV 88.8 MPH)
Batting: RHB Mark Palermo 0-0: Swinging Strike
0-1: Ball
1-1: Ball
2-1: Hit by Pitch
Batting: RHB Jason Torres 0-0: Ball
1-0: Ball
2-0: Foul Ball, location: 2LF
2-1: Grounds into double play, 4-6-3 (Groundball, 4, EV 106.9 MPH)
Bottom of the 6th over - 0 runs, 1 hit, 0 errors, 1 left on base; Fort Myers 2 - Tampa 1
TOP OF THE 7TH
Fort Myers Miracle batting - Pitching for Tampa Yankees : LHP Eddie Cleaver
Batting: RHB Aaron DiLeo 0-0: Foul Ball, location: 2F
0-1: Ball
1-1: Ground out 3-1 (Groundball, 3L, EV 103.8 MPH)
Batting: SHB Jeremy DiCicco 0-0: Ball
1-0: Swinging Strike
1-1: Called Strike
1-2: Ball
2-2: Ball
3-2: Ground out 5-3 (Groundball, 56S, EV 78.8 MPH)
Batting: RHB Brian Taylor 0-0: Ball
1-0: Ball
2-0: Ball
3-0: Called Strike
3-1: Base on Balls
Batting: LHB Rich Kaiser 0-0: Ball
Brian Taylor steals 2nd base
1-0: Called Strike
1-1: Foul Ball, location: 23F
1-2: Ball
2-2: Ball
3-2: Strikes out swinging
Top of the 7th over - 0 runs, 0 hits, 0 errors, 1 left on base; Fort Myers 2 - Tampa 1
BOTTOM OF THE 7TH
Tampa Yankees batting - Pitching for Fort Myers Miracle : LHP Alex Ontiveros
Batting: SHB Paul Kneeland 0-0: Ground out 5-3 (Groundball, 5S, EV 90.6 MPH)
Batting: RHB George McEneaney 0-0: Hit by Pitch
Batting: RHB Todd Rosenberger 0-0: Ball
1-0: Ball
2-0: Swinging Strike
2-1: Called Strike
2-2: Strikes out swinging
Batting: RHB Jeremy Boland 0-0: Called Strike
0-1: Foul Ball, location: 2LF
0-2: Foul Ball, location: 25FF
0-2: SINGLE (Line Drive, 78M, EV 108.1 MPH)
George McEneaney to second
Batting: RHB Zach Womack 0-0: Ball
1-0: Fly out, F8 (Flyball, 8LXD, EV 87.5 MPH)
Bottom of the 7th over - 0 runs, 1 hit, 0 errors, 2 left on base; Fort Myers 2 - Tampa 1
TOP OF THE 8TH
Fort Myers Miracle batting - Pitching for Tampa Yankees : LHP Eddie Cleaver
Batting: RHB Matt Ortega 0-0: Called Strike
0-1: Foul Ball, location: 2F
0-2: Ball
1-2: Foul Ball, location: 2F
1-2: Fly out, F4 (Line Drive, 4, EV 68.8 MPH)
Batting: RHB Tim Jenson 0-0: Ball
1-0: Called Strike
1-1: Foul Ball, location: 25F
1-2: Ball
2-2: Foul Ball, location: 5F
2-2: Strikes out swinging
Batting: RHB Gene Homann 0-0: Ball
1-0: SINGLE (Line Drive, 78S, EV 97.5 MPH)
Batting: SHB John Daniels 0-0: Ball
1-0: Swinging Strike
1-1: Ball
2-1: Foul Ball, location: 2F
2-2: Fly out, F5 (Popup, 5F, EV 76.3 MPH)
Top of the 8th over - 0 runs, 1 hit, 0 errors, 1 left on base; Fort Myers 2 - Tampa 1
BOTTOM OF THE 8TH
Tampa Yankees batting - Pitching for Fort Myers Miracle : LHP Alex Ontiveros
Pitching: RHP Joe Housewright
Now in LF: Danny Sanchez
Batting: SHB Joel Centeno 0-0: Foul Ball, location: 5F
0-1: SINGLE (Line Drive, 4D, EV 99.4 MPH)
Pinch Hitting: LHB Guillermo Barichello 0-0: Ball
1-0: Ball
2-0: Called Strike
2-1: Ball
Wild Pitch!
Joel Centeno to second
3-1: Foul Ball, location: 3F
3-2: Base on Balls
Batting: RHB Mark Palermo 0-0: Ball
1-0: Ball
2-0: Foul Ball, location: 5FF
2-1: Foul Ball, location: 5DF
2-2: Ball
3-2: Base on Balls
Joel Centeno to third
Guillermo Barichello to second
Pinch Hitting: RHB Roberto Cuellar 0-0: Foul Ball, location: 9LSF
0-1: Swinging Strike
0-2: Strikes out swinging
Batting: SHB Paul Kneeland 0-0: SINGLE (Groundball, 6MD, EV 95.0 MPH)
Joel Centeno scores
Guillermo Barichello to third
Mark Palermo to second
Runner from 3rd tries for Home, SAFE, throw by CF to home
Batting: RHB George McEneaney 0-0: Ball
1-0: Ball
2-0: Ball
3-0: Base on Balls
Mark Palermo to third
Paul Kneeland to second
Pitching: RHP Danny Guerrero
Batting: RHB Todd Rosenberger 0-0: Called Strike
0-1: Foul Ball, location: 5FF
0-2: Ball
1-2: Fly out, F5 (Popup, 5SF, EV 76.3 MPH)
Batting: RHB Jeremy Boland 0-0: Foul Ball, location: 9LMF
0-1: Swinging Strike
0-2: Fly out, F9 (Flyball, 9D, EV 111.3 MPH)
Bottom of the 8th over - 2 runs, 2 hits, 0 errors, 3 left on base; Fort Myers 2 - Tampa 3
TOP OF THE 9TH
Fort Myers Miracle batting - Pitching for Tampa Yankees : LHP Eddie Cleaver
Now at 1B: Joel Centeno
Now at 2B: Alex Gutierrez
Now at 3B: Jake Casey
Now in RF: Todd Rosenberger
Batting: RHB Josh Biehl 0-0: Foul Ball, location: 9LSF
0-1: Foul Ball, location: 5DF
0-2: Hit by Pitch
Batting: RHB Aaron DiLeo 0-0: Ball
1-0: Fly out, F9 (Line Drive, 89D, EV 91.3 MPH)
Batting: SHB Jeremy DiCicco 0-0: Foul Ball, location: 7LDF
0-1: Ball
1-1: Ball
2-1: Grounds into double play, 6-4-3 (Groundball, 6, EV 85.0 MPH)
Top of the 9th over - 0 runs, 0 hits, 0 errors, 0 left on base; Fort Myers 2 - Tampa 3
Saturday, April 6th , 2024 - OOTP Baseball 24.11 Build 85